TOP OF THE 1ST |
Boston College Eagles batting - Pitching for Maryland Terrapins : LHP Cy Rowland
|
Pitching: LHP Cy Rowland
|
|
Batting: RHB Al Williamson
|
0-0: Ground out 4-3 (Groundball, 4)
|
Batting: RHB Ed Gómez
|
0-0: Called Strike 0-1: Ball 1-1: Swinging Strike 1-2: Ground out U3 (Groundball, 3L)
|
Batting: RHB Dennis House
|
0-0: Ball 1-0: Swinging Strike 1-1: Ball 2-1: Swinging Strike 2-2: Ball 3-2: Foul Ball, location: 2F 3-2: Strikes out swinging
|
Top of the 1st over - 0 run(s), 0 hit(s), 0 error(s), 0 left on base; Boston College 0 - Maryland 0 |
BOTTOM OF THE 1ST |
Maryland Terrapins batting - Pitching for Boston College Eagles : RHP Mike Heath
|
Pitching: RHP Mike Heath
|
|
Batting: LHB Edmund Stone
|
0-0: Called Strike 0-1: Ball 1-1: Ball 2-1: Ball 3-1: Swinging Strike 3-2: Ground out 1-3 (Groundball, 25)
|
Batting: RHB Scott Wheeler
|
0-0: Ball 1-0: Swinging Strike 1-1: Ground out 5-3 (Groundball, 5L)
|
Batting: RHB Michael Burke
|
0-0: Ball 1-0: Foul Ball, location: 2F 1-1: Foul Ball, location: 2F 1-2: Foul Ball, location: 2F 1-2: SINGLE (Line Drive, 7LS)
|
Batting: RHB Bill Smith
|
0-0: Called Strike 0-1: Ball 1-1: Fielders Choice at 2nd, 6-4 (Groundball, 6)
|
Bottom of the 1st over - 0 run(s), 1 hit(s), 0 error(s), 0 left on base; Boston College 0 - Maryland 0 |
TOP OF THE 2ND |
Boston College Eagles batting - Pitching for Maryland Terrapins : LHP Cy Rowland
|
Batting: RHB Jesús Morales
|
0-0: Ball 1-0: Foul Ball, location: 2F 1-1: Called Strike 1-2: Ball 2-2: Strikes out swinging
|
Batting: LHB Greg Hyde
|
0-0: Called Strike 0-1: Swinging Strike 0-2: Foul Ball, location: 2F 0-2: Ball 1-2: SINGLE (Groundball, 6M)
|
Batting: SHB Ralph Alfonzo
|
0-0: Called Strike 0-1: Foul Ball, location: 2F 0-2: Strikes out looking
|
Batting: RHB Mike Heath
|
0-0: Swinging Strike 0-1: Foul Ball, location: 2F 0-2: Ball 1-2: Foul Ball, location: 2F 1-2: Strikes out swinging
|
Top of the 2nd over - 0 run(s), 1 hit(s), 0 error(s), 1 left on base; Boston College 0 - Maryland 0 |
BOTTOM OF THE 2ND |
Maryland Terrapins batting - Pitching for Boston College Eagles : RHP Mike Heath
|
Batting: LHB Gary Powers
|
0-0: Ball 1-0: Ball 2-0: Ball 3-0: Called Strike 3-1: Base on Balls
|
Batting: RHB Ed Waddell
|
0-0: Ball 1-0: Called Strike 1-1: Fly out, F4 (Popup, 34D)
|
Batting: RHB Stephen Barber
|
0-0: Ball 1-0: Grounds into double play, 5-4-3 (Groundball, 5L)
|
Bottom of the 2nd over - 0 run(s), 0 hit(s), 0 error(s), 0 left on base; Boston College 0 - Maryland 0 |
TOP OF THE 3RD |
Boston College Eagles batting - Pitching for Maryland Terrapins : LHP Cy Rowland
|
Batting: RHB Theodore Burns
|
0-0: Ball 1-0: Called Strike 1-1: Swinging Strike 1-2: Ball 2-2: Strikes out swinging
|
Batting: RHB Shaun Harris
|
0-0: DOUBLE (Line Drive, 7M)
|
Batting: RHB Al Williamson
|
0-0: Ball 1-0: Ball Wild Pitch! Shaun Harris to third 2-0: Ground out 3-1 (Groundball, 34) Shaun Harris scores
|
Batting: RHB Ed Gómez
|
0-0: Ball 1-0: Called Strike 1-1: Foul Ball, location: 2F 1-2: Ball 2-2: Strikes out swinging
|
Top of the 3rd over - 1 run(s), 1 hit(s), 0 error(s), 0 left on base; Boston College 1 - Maryland 0 |
BOTTOM OF THE 3RD |
Maryland Terrapins batting - Pitching for Boston College Eagles : RHP Mike Heath
|
Batting: RHB Louis Vance
|
0-0: Fly out, F4 (Popup, 8RS)
|
Batting: RHB Luis González
|
0-0: Fly out, F7 (Line Drive, 7LM)
|
Batting: LHB Edmund Stone
|
0-0: Ground out 6-3 (Groundball, 6)
|
Bottom of the 3rd over - 0 run(s), 0 hit(s), 0 error(s), 0 left on base; Boston College 1 - Maryland 0 |
TOP OF THE 4TH |
Boston College Eagles batting - Pitching for Maryland Terrapins : LHP Cy Rowland
|
Batting: RHB Dennis House
|
0-0: Ball 1-0: Called Strike 1-1: Called Strike 1-2: Ball 2-2: Strikes out swinging
|
Batting: RHB Jesús Morales
|
0-0: Fly out, F7 (Flyball, 7M)
|
Batting: LHB Greg Hyde
|
0-0: Ball 1-0: SINGLE (Groundball, 34)
|
Batting: SHB Ralph Alfonzo
|
0-0: Foul Ball, location: 2F 0-1: Ball 1-1: Ball 2-1: Foul Ball, location: 2F 2-2: Strikes out swinging
|
Top of the 4th over - 0 run(s), 1 hit(s), 0 error(s), 1 left on base; Boston College 1 - Maryland 0 |
BOTTOM OF THE 4TH |
Maryland Terrapins batting - Pitching for Boston College Eagles : RHP Mike Heath
|
Batting: RHB Scott Wheeler
|
0-0: Ball 1-0: Ball 2-0: SINGLE (Flyball, 8RS)
|
Batting: RHB Michael Burke
|
0-0: Called Strike 0-1: Ball 1-1: Foul Ball, location: 2F 1-2: Foul Ball, location: 2F 1-2: Strikes out swinging
|
Batting: RHB Bill Smith
|
0-0: Called Strike 0-1: Foul Ball, location: 2F 0-2: Strikes out swinging
|
Batting: LHB Gary Powers
|
0-0: Ball 1-0: Ball 2-0: Foul Ball, location: 2F 2-1: Ball 3-1: Foul Ball, location: 2F 3-2: Base on Balls Scott Wheeler to second
|
Batting: RHB Ed Waddell
|
0-0: Ball 1-0: Ball 2-0: Ball 3-0: Called Strike 3-1: Foul Ball, location: 2F 3-2: Foul Ball, location: 2F 3-2: Base on Balls Scott Wheeler to third Gary Powers to second
|
Batting: RHB Stephen Barber
|
0-0: Foul Ball, location: 2F 0-1: Foul Ball, location: 2F 0-2: Strikes out swinging
|
Bottom of the 4th over - 0 run(s), 1 hit(s), 0 error(s), 3 left on base; Boston College 1 - Maryland 0 |
TOP OF THE 5TH |
Boston College Eagles batting - Pitching for Maryland Terrapins : LHP Cy Rowland
|
Batting: RHB Mike Heath
|
0-0: Ball 1-0: Swinging Strike 1-1: Ball 2-1: Ball 3-1: Ground out 4-3 (Groundball, 4M)
|
Batting: RHB Theodore Burns
|
0-0: Foul Ball, location: 2F 0-1: Ball 1-1: Ball 2-1: Foul Ball, location: 2F 2-2: Strikes out swinging
|
Batting: RHB Shaun Harris
|
0-0: Ball 1-0: Reached on error, E5 (Groundball, 5)
|
Batting: RHB Al Williamson
|
0-0: Swinging Strike 0-1: Ball 1-1: Called Strike 1-2: SINGLE (Groundball, 34) Shaun Harris to third Throwing error, E9 Shaun Harris scores Al Williamson to second
|
Batting: RHB Ed Gómez
|
0-0: Ground out 5-3 (Groundball, 56S)
|
Top of the 5th over - 1 run(s), 1 hit(s), 2 error(s), 1 left on base; Boston College 2 - Maryland 0 |
BOTTOM OF THE 5TH |
Maryland Terrapins batting - Pitching for Boston College Eagles : RHP Mike Heath
|
Batting: RHB Louis Vance
|
0-0: Ground out 6-3 (Groundball, 6M)
|
Batting: RHB Luis González
|
0-0: Called Strike 0-1: Ball 1-1: Ground out 5-3 (Groundball, 5)
|
Batting: LHB Edmund Stone
|
0-0: Ball 1-0: Foul Ball, location: 2F 1-1: Ground out 5-3 (Groundball, 56S)
|
Bottom of the 5th over - 0 run(s), 0 hit(s), 0 error(s), 0 left on base; Boston College 2 - Maryland 0 |
TOP OF THE 6TH |
Boston College Eagles batting - Pitching for Maryland Terrapins : LHP Cy Rowland
|
Batting: RHB Dennis House
|
0-0: Called Strike 0-1: DOUBLE (Line Drive, 3D)
|
Batting: RHB Jesús Morales
|
0-0: Intentional Walk
|
Pitching: RHP A.J. Martin
|
|
Batting: LHB Greg Hyde
|
0-0: Ball 1-0: Called Strike 1-1: Fielders Choice at 2nd, U6 (Groundball, 6M) Dennis House to third
|
Batting: SHB Ralph Alfonzo
|
0-0: Called Strike Greg Hyde is caught stealing 2nd base 0-1: Ball 1-1: Foul Ball, location: 2F 1-2: Ball 2-2: Foul Ball, location: 2F 2-2: Ball 3-2: Foul Ball, location: 2F 3-2: Strikes out swinging
|
Top of the 6th over - 0 run(s), 1 hit(s), 0 error(s), 1 left on base; Boston College 2 - Maryland 0 |
BOTTOM OF THE 6TH |
Maryland Terrapins batting - Pitching for Boston College Eagles : RHP Mike Heath
|
Batting: RHB Scott Wheeler
|
0-0: Ball 1-0: Ball 2-0: Ball 3-0: Base on Balls
|
Batting: RHB Michael Burke
|
0-0: Swinging Strike 0-1: Called Strike 0-2: Strikes out swinging
|
Batting: RHB Bill Smith
|
0-0: Foul Ball, location: 2F 0-1: Foul Ball, location: 2F 0-2: Ball 1-2: Ball 2-2: 2-RUN HOME RUN (Flyball, 8LXD), Distance : 401 ft
|
Batting: LHB Gary Powers
|
0-0: Ball 1-0: Foul Ball, location: 2F 1-1: Reaches on Catchers interference
|
Batting: RHB Ed Waddell
|
0-0: Fielders Choice at 2nd, 4-6 (Groundball, 4)
|
Pitching: RHP Millard Lambright
|
|
Batting: RHB Stephen Barber
|
0-0: Ball 1-0: Called Strike 1-1: Ball 2-1: Foul Ball, location: 2F 2-2: Ball 3-2: Foul Ball, location: 2F 3-2: Foul Ball, location: 2F 3-2: Strikes out swinging
|
Bottom of the 6th over - 2 run(s), 1 hit(s), 1 error(s), 1 left on base; Boston College 2 - Maryland 2 |
TOP OF THE 7TH |
Boston College Eagles batting - Pitching for Maryland Terrapins : RHP A.J. Martin
|
Batting: RHB Mike Heath
|
0-0: Ball 1-0: Called Strike 1-1: Ball 2-1: Ball 3-1: Base on Balls
|
Batting: RHB Theodore Burns
|
0-0: Sac Bunt - play at first, batter safe! Mike Heath to second
|
Batting: RHB Shaun Harris
|
0-0: Bunted foul 0-1: Sac Bunt - play at first, batter OUT! 1-4 Mike Heath to third Theodore Burns to second
|
Batting: RHB Al Williamson
|
0-0: Ball 1-0: Fly out, F9 (Flyball, 9S)
|
Batting: RHB Ed Gómez
|
0-0: Ball 1-0: Ball 2-0: Ball 3-0: Base on Balls
|
Batting: RHB Dennis House
|
0-0: Ground out 6-3 (Groundball, 6)
|
Top of the 7th over - 0 run(s), 1 hit(s), 0 error(s), 3 left on base; Boston College 2 - Maryland 2 |
BOTTOM OF THE 7TH |
Maryland Terrapins batting - Pitching for Boston College Eagles : RHP Millard Lambright
|
Batting: RHB Louis Vance
|
0-0: Ball 1-0: Ball 2-0: Called Strike 2-1: Foul Ball, location: 2F 2-2: Ball 3-2: Foul Ball, location: 2F 3-2: Foul Ball, location: 2F 3-2: Base on Balls
|
Batting: RHB Luis González
|
0-0: Called Strike 0-1: Called Strike 0-2: Ball 1-2: Fly out, F8 (Flyball, 8LM)
|
Batting: LHB Edmund Stone
|
0-0: Ball 1-0: Ball 2-0: Swinging Strike 2-1: Ball 3-1: Foul Ball, location: 2F 3-2: Base on Balls Louis Vance to second
|
Pitching: LHP Sixto Pineda
|
|
Pinch Hitting: RHB Augusto Elías
|
0-0: Ball 1-0: SINGLE (Flyball, 89S) Louis Vance to third Edmund Stone to second
|
Batting: RHB Michael Burke
|
0-0: Ball 1-0: Grounds into double play, 6-4-3 (Groundball, 6)
|
Bottom of the 7th over - 0 run(s), 1 hit(s), 0 error(s), 2 left on base; Boston College 2 - Maryland 2 |
TOP OF THE 8TH |
Boston College Eagles batting - Pitching for Maryland Terrapins : RHP A.J. Martin
|
Pitching: RHP Jim Gordon
|
|
Now in RF: Stanley Jones
|
|
Batting: RHB Jesús Morales
|
0-0: Ball 1-0: Ball 2-0: Called Strike 2-1: Fly out, F3 (Popup, 3DF)
|
Batting: LHB Greg Hyde
|
0-0: Ball 1-0: Ball 2-0: Ground out U3 (Groundball, 3)
|
Batting: SHB Ralph Alfonzo
|
0-0: Ball 1-0: Ball 2-0: Ball 3-0: Called Strike 3-1: SINGLE (Popup, 56D)
|
Batting: RHB Mike Heath
|
0-0: Ground out 5-3 (Groundball, 56)
|
Top of the 8th over - 0 run(s), 1 hit(s), 0 error(s), 1 left on base; Boston College 2 - Maryland 2 |
BOTTOM OF THE 8TH |
Maryland Terrapins batting - Pitching for Boston College Eagles : LHP Sixto Pineda
|
Batting: RHB Bill Smith
|
0-0: Foul Ball, location: 2F 0-1: SINGLE (Line Drive, 8LS)
|
Pinch Hitting: RHB Artie Turner
|
0-0: Ball 1-0: Called Strike 1-1: Ball 2-1: Called Strike 2-2: Ball 3-2: Strikes out looking Bill Smith steals 2nd base Batter strikes out.
|
Batting: RHB Ed Waddell
|
0-0: Intentional Walk
|
Batting: RHB Stephen Barber
|
0-0: Ball 1-0: Ball 2-0: Ball 3-0: Called Strike 3-1: Sac Bunt - play at third, runner OUT! 3-6 Ed Waddell to second
|
Batting: RHB Louis Vance
|
0-0: Called Strike 0-1: Ball 1-1: Fly out, F8 (Flyball, 8RM)
|
Bottom of the 8th over - 0 run(s), 1 hit(s), 0 error(s), 2 left on base; Boston College 2 - Maryland 2 |
TOP OF THE 9TH |
Boston College Eagles batting - Pitching for Maryland Terrapins : RHP Jim Gordon
|
Pitching: RHP Britt Burke
|
|
Now at 1B: Artie Turner
|
|
Batting: RHB Theodore Burns
|
0-0: Ball 1-0: Called Strike 1-1: Called Strike 1-2: Foul Ball, location: 2F 1-2: Ball 2-2: Ball 3-2: Foul Ball, location: 2F 3-2: Foul Ball, location: 2F 3-2: Foul Ball, location: 2F 3-2: Fly out, F4 (Line Drive, 4)
|
Batting: RHB Shaun Harris
|
0-0: Ball 1-0: Ball 2-0: Ball 3-0: Called Strike 3-1: Called Strike 3-2: Base on Balls
|
Batting: RHB Al Williamson
|
0-0: Fly out, F8 (Flyball, 8RM)
|
Batting: RHB Ed Gómez
|
0-0: Called Strike 0-1: Called Strike 0-2: Ball 1-2: Ball 2-2: Ground out 4-3 (Groundball, 34S)
|
Top of the 9th over - 0 run(s), 0 hit(s), 0 error(s), 1 left on base; Boston College 2 - Maryland 2 |
BOTTOM OF THE 9TH |
Maryland Terrapins batting - Pitching for Boston College Eagles : LHP Sixto Pineda
|
Batting: RHB Luis González
|
0-0: Ground out 5-3 (Groundball, 56S)
|
Pitching: RHP Herman Matthews
|
|
Batting: LHB Edmund Stone
|
0-0: Called Strike 0-1: Swinging Strike 0-2: Ball 1-2: Ball 2-2: Ball 3-2: Strikes out looking
|
Batting: SHB Stanley Jones
|
0-0: Ball 1-0: Ball 2-0: Swinging Strike 2-1: Called Strike 2-2: Ball 3-2: Foul Ball, location: 2F 3-2: Strikes out swinging
|
Bottom of the 9th over - 0 run(s), 0 hit(s), 0 error(s), 0 left on base; Boston College 2 - Maryland 2 |
TOP OF THE 10TH |
Boston College Eagles batting - Pitching for Maryland Terrapins : RHP Britt Burke
|
Batting: RHB Dennis House
|
0-0: Foul Ball, location: 2F 0-1: Ball 1-1: Called Strike Error on foul ball, E3 1-2: Foul Ball, location: 2F 1-2: Ground out 1-3 (Groundball, 13)
|
Batting: RHB Jesús Morales
|
0-0: Called Strike 0-1: Foul Ball, location: 2F 0-2: Ground out 6-3 (Groundball, 6M)
|
Batting: LHB Greg Hyde
|
0-0: Ball 1-0: Ball 2-0: Called Strike 2-1: Called Strike 2-2: Strikes out swinging
|
Top of the 10th over - 0 run(s), 0 hit(s), 1 error(s), 0 left on base; Boston College 2 - Maryland 2 |
BOTTOM OF THE 10TH |
Maryland Terrapins batting - Pitching for Boston College Eagles : RHP Herman Matthews
|
Batting: RHB Michael Burke
|
0-0: Ball 1-0: Fly out, F9 (Flyball, 9LM)
|
Pitching: RHP Brad Potter
|
|
Batting: RHB Bill Smith
|
0-0: Ball 1-0: Swinging Strike 1-1: Called Strike 1-2: Strikes out swinging
|
Batting: RHB Artie Turner
|
0-0: Called Strike 0-1: Ball 1-1: Ball 2-1: Ground out 4-3 (Groundball, 34)
|
Bottom of the 10th over - 0 run(s), 0 hit(s), 0 error(s), 0 left on base; Boston College 2 - Maryland 2 |
TOP OF THE 11TH |
Boston College Eagles batting - Pitching for Maryland Terrapins : RHP Britt Burke
|
Pitching: RHP Buddy Wickett
|
|
Batting: SHB Ralph Alfonzo
|
0-0: Called Strike 0-1: Fly out, F8 (Flyball, 8RM)
|
Batting: RHB Mike Heath
|
0-0: Ball 1-0: Called Strike 1-1: Swinging Strike 1-2: Strikes out swinging
|
Batting: RHB Theodore Burns
|
0-0: Ball 1-0: Foul Ball, location: 2F 1-1: Ball 2-1: Fly out, F6 (Line Drive, 6M)
|
Top of the 11th over - 0 run(s), 0 hit(s), 0 error(s), 0 left on base; Boston College 2 - Maryland 2 |
BOTTOM OF THE 11TH |
Maryland Terrapins batting - Pitching for Boston College Eagles : RHP Brad Potter
|
Batting: RHB Ed Waddell
|
0-0: Ball 1-0: Ball 2-0: Called Strike 2-1: Ball 3-1: Base on Balls
|
Batting: RHB Stephen Barber
|
0-0: Ball 1-0: Sac Bunt - play at first, batter OUT! 3-4 Ed Waddell to second
|
Batting: RHB Louis Vance
|
0-0: Intentional Walk
|
Batting: RHB Luis González
|
0-0: Swinging Strike 0-1: Grounds into double play, 1-4-3 (Groundball, 13S)
|
Bottom of the 11th over - 0 run(s), 0 hit(s), 0 error(s), 1 left on base; Boston College 2 - Maryland 2 |
TOP OF THE 12TH |
Boston College Eagles batting - Pitching for Maryland Terrapins : RHP Buddy Wickett
|
Batting: RHB Shaun Harris
|
0-0: Ball 1-0: Ball 2-0: Ball 3-0: Base on Balls
|
Batting: RHB Al Williamson
|
0-0: Bunt missed! 0-1: Sac Bunt - play at first, batter OUT! 1-4 Shaun Harris to second
|
Batting: RHB Ed Gómez
|
0-0: Ball 1-0: Ball 2-0: Ball 3-0: Base on Balls
|
Batting: RHB Dennis House
|
0-0: Ball 1-0: Ball 2-0: Ball 3-0: Called Strike 3-1: Swinging Strike 3-2: Grounds into double play, 1-6-3 (Groundball, 13S)
|
Top of the 12th over - 0 run(s), 0 hit(s), 0 error(s), 1 left on base; Boston College 2 - Maryland 2 |
BOTTOM OF THE 12TH |
Maryland Terrapins batting - Pitching for Boston College Eagles : RHP Brad Potter
|
Batting: LHB Edmund Stone
|
0-0: Ball 1-0: Ball 2-0: Foul Ball, location: 2F 2-1: Called Strike 2-2: Ball 3-2: Foul Ball, location: 2F 3-2: Foul Ball, location: 2F 3-2: Base on Balls
|
Pitching: RHP Donnie Carpenter
|
|
Batting: SHB Stanley Jones
|
0-0: Ball 1-0: Sac Bunt - play at first, batter OUT! 1-4 Edmund Stone to second
|
Batting: RHB Michael Burke
|
0-0: Intentional Walk
|
Batting: RHB Bill Smith
|
0-0: Called Strike 0-1: Ball 1-1: Swinging Strike 1-2: Strikes out looking
|
Batting: RHB Artie Turner
|
0-0: Called Strike 0-1: Ball 1-1: Fielders Choice at 2nd, 5-4 (Groundball, 5)
|
Bottom of the 12th over - 0 run(s), 0 hit(s), 0 error(s), 1 left on base; Boston College 2 - Maryland 2 |
TOP OF THE 13TH |
Boston College Eagles batting - Pitching for Maryland Terrapins : RHP Buddy Wickett
|
Batting: RHB Jesús Morales
|
0-0: Ball 1-0: Ball 2-0: Called Strike 2-1: Fly out, F4 (Popup, 4MD)
|
Batting: LHB Greg Hyde
|
0-0: Ball 1-0: SINGLE (Popup, 56D)
|
Batting: SHB Ralph Alfonzo
|
0-0: Ball 1-0: Called Strike 1-1: Foul Ball, location: 2F 1-2: Strikes out swinging
|
Batting: RHB Mike Heath
|
0-0: Ball 1-0: Ball 2-0: Ball 3-0: Base on Balls Greg Hyde to second
|
Batting: RHB Theodore Burns
|
0-0: Ball 1-0: Called Strike 1-1: Ball 2-1: Ball 3-1: Base on Balls Greg Hyde to third Mike Heath to second
|
Batting: RHB Shaun Harris
|
0-0: Fly out, F9 (Flyball, 89M)
|
Top of the 13th over - 0 run(s), 1 hit(s), 0 error(s), 3 left on base; Boston College 2 - Maryland 2 |
BOTTOM OF THE 13TH |
Maryland Terrapins batting - Pitching for Boston College Eagles : RHP Donnie Carpenter
|
Batting: RHB Ed Waddell
|
0-0: Ball 1-0: Called Strike 1-1: Swinging Strike 1-2: Ball 2-2: Ball 3-2: Strikes out looking
|
Batting: RHB Stephen Barber
|
0-0: Foul Ball, location: 2F 0-1: Ball 1-1: Ball 2-1: DOUBLE (Line Drive, 9LM)
|
Batting: RHB Louis Vance
|
0-0: Intentional Walk
|
Batting: RHB Luis González
|
0-0: Called Strike 0-1: SINGLE (Groundball, 56D) Stephen Barber to third Louis Vance to second Throwing error, E7 Stephen Barber scores
|
Monday, December 5th, 2016 - OOTP Baseball 17.12 Build 75
|
|